 Dungeon Crawl Stone Soup version 0.21.0-34-g9234887 (webtiles) character file.

123616 Mgcat the Earth Mage (level 16, 0/99 HPs)
             Began as a Gargoyle Earth Elementalist on Jan 24, 2018.
             Was a High Priest of Vehumet.
             Slain by a dire elephant (22 damage)
             ... on level 15 of the Dungeon on Jan 29, 2018.
             The game lasted 02:46:33 (39783 turns).

Mgcat the Earth Mage (Gargoyle Earth Elementalist) Turns: 39783, Time: 02:46:34

Health: 0/99       AC: 24    Str: 15    XL:     16   Next: 90%
Magic:  13/40      EV: 15    Int: 17    God:    Vehumet [*****.]
Gold:   566        SH:  3    Dex: 10    Spells: 7/37 levels left

rFire    + + +     SeeInvis +   y - +9 staff of Olgreb {rPois}
rCold    + . .     Gourm    .   (no shield)
rNeg     + . .     Faith    .   a - +0 robe "Nacakkoc" {rF+++ MR+ MP+9 Int-3}
rPois    ∞         Spirit   .   w - +2 helmet
rElec    +         Reflect  +   I - +2 cloak
rCorr    .         Harm     .   v - +2 pair of gloves
MR       ++...                  (no boots)
Stlth    ++........             Q - +3 amulet of reflection
HPRegen  0.26/turn              S - ring of Zaischap {rC+ SInv}
MPRegen  0.27/turn              D - ring of wizardry

@: flying
A: big wings, negative energy resistance 1, electricity resistance, unbreathing,
petrification resistance, rot immunity, AC +12
a: Stop Flying, Renounce Religion


You were on level 15 of the Dungeon.
You worshipped Vehumet.
Vehumet was extremely pleased with you.
You were not hungry.

You visited 4 branches of the dungeon, and saw 24 of its levels.
You also visited: Trove and Ossuary.

You collected 2323 gold pieces.
You spent 1757 gold pieces at shops.

Inventory:

Hand Weapons
 y - the +9 staff of Olgreb (weapon) {rPois}
   (You found it on level 3 of the Lair of Beasts)

   It protects you from poison.
Missiles
 b - 615 stones (quivered)
Armour
 a - the +0 robe "Nacakkoc" (worn) {rF+++ MR+ MP+9 Int-3}
   (You bought it in a shop on level 2 of the Orcish Mines)

   It affects your intelligence (-3).
   It renders you almost immune to fire.
   It affects your resistance to hostile enchantments.
   It affects your magic capacity (+9).
 v - a +2 pair of gloves (worn)
 w - a +2 helmet (worn)
 z - the +5 ring mail "Vunou" {+Fly MR+ SInv}
   (You found it on level 3 of the Lair of Beasts)

   It affects your resistance to hostile enchantments.
   It lets you see invisible.
   It lets you fly.
 I - a +2 cloak (worn)
Magical Staves
 c - an uncursed staff of power
Jewellery
 j - an uncursed ring of protection from cold
 n - an uncursed ring of resist corrosion
 D - a ring of wizardry (right hand)
 N - an uncursed ring of positive energy
 Q - a +3 amulet of reflection (around neck)
 S - the ring of Zaischap (left hand) {rC+ SInv}
   (You found it on level 6 of the Lair of Beasts)

   [ring of see invisible]

   It protects you from cold.
   It lets you see invisible.
Wands
 e - a wand of acid (22)
 k - a wand of digging (37)
 H - a wand of clouds (14)
 L - a wand of iceblast (16)
Scrolls
 g - 5 scrolls of blinking
 h - a scroll of vulnerability {unknown}
 i - 9 scrolls of identify
 m - 20 scrolls of teleportation
 s - a scroll of silence
 A - a scroll of magic mapping
 E - 3 scrolls of enchant weapon
 J - 2 scrolls of fog
 O - 2 scrolls of fear
 P - 10 scrolls of remove curse
Potions
 f - 4 potions of haste
 o - 2 potions of curing
 p - a potion of resistance {unknown}
 q - 5 potions of brilliance
 r - 2 potions of might
 x - 4 potions of cancellation
 B - a potion of heal wounds
 C - a potion of ambrosia
 F - 3 potions of magic
 K - 2 potions of mutation {unknown}
 M - 3 potions of agility
Comestibles
 d - 17 rations


   Skills:
 - Level 10.6 Fighting
   Level 5.1(6.6) Maces & Flails
 + Level 6.3(7.1) Staves
 - Level 5.5 Armour
 - Level 8.4 Dodging
 - Level 2.1 Stealth
 + Level 11.2 Spellcasting
 + Level 12.6 Conjurations
   Level 0.7 Transmutations
 + Level 9.5 Fire Magic
 + Level 15.5 Earth Magic
 + Level 4.2 Evocations


You had 7 spell levels left.
You knew the following spells:

 Your Spells              Type           Power        Failure   Level  Hunger
a - Sandblast             Erth           ######       0%          1    None
b - Stone Arrow           Conj/Erth      ######       1%          3    None
c - Lee's Rapid Deconstr  Erth           ######....   1%          5    #####..
d - Sticky Flame          Conj/Fire      #####...     1%          4    ##.....
e - Bolt of Magma         Conj/Fire/Erth ######....   1%          5    #####..
f - Bolt of Fire          Conj/Fire      #####.....   1%          6    ######.
g - Iron Shot             Conj/Erth      ######....   1%          6    ######.


Dungeon Overview and Level Annotations

Branches:
Dungeon (15/15)            Temple (1/1) D:4            Lair (6/6) D:11
 Shoals (0/4) Lair:3        Snake (0/4) Lair:2        Slime (0/5) Lair:6
    Orc (2/2) D:12            Elf (0/3) Orc:2        Vaults (0/5) D:13
 Depths: D:15

Altars:
Ashenzari
Cheibriados
Dithmenos
Elyvilon
Fedhas
Gozag
Hepliaklqana
Kikubaaqudgha
Makhleb
Nemelex Xobeh
Okawaru
Qazlal
Ru
Sif Muna
Trog
Uskayaw
Vehumet
Wu Jian
Xom
Yredelemnul
Zin
The Shining One
Jiyva

Shops:
D:4 !   D:6 ?   D:13 %   Orc:1 ((   Orc:2 :(}[

Annotations:
D:4 Sigmund
Orc:1 Fannar


Innate Abilities, Weirdness & Mutations

You are resistant to torment.
Your stone body is resilient. (AC +12)
You are immune to poison.
Your large and strong wings let you fly indefinitely.
You resist negative energy. (rN+)
You are resistant to electric shocks. (rElec)
You can survive without breathing.
You are immune to petrification.
You are immune to rotting.


Message History

The dire elephant is heavily wounded.
You are starving!
The dire elephant burns!
The dire elephant tramples you!!
* * * LOW HITPOINT WARNING * * *
You are shoved backwards!
You don't have the energy to cast that spell.
Unknown command.
Unknown command.
Unknown command.
Unknown command.
You feel much better.
The dire elephant burns!
The dire elephant tramples you but does no damage.
The dire elephant trunk-slaps you!
* * * LOW HITPOINT WARNING * * *
Unknown command.
Unknown command.
Unknown command.
You eat one of the 18 rations.
That ration really hit the spot!
The dire elephant burns!
The dire elephant tramples you!!
You die...

####..# #....# #....
#:.#######....#####)...
#.............[........
##.............<.).)[...
#........#######))......
#........# #..##'##.
#..<.....# #..#...#.
#........# #..#...#.
#......@.#######..#...'.
#.......Y.........#...#.
#.......#...####..#...#.
#.....≈.#.≈.#JJ#..###.#.
######.......#§..#..#....#.#.
#.........###.###.###....###.
#............#...###.........
#..........≈.#.≈. #.......##
#............#... #.......'.


You could see a dire elephant (burning).

Vanquished Creatures
  A dire elephant (Lair:6)
  Erolcha (Orc:2)
  7 hydras
  A rakshasa (D:15)
  5 centaur warriors
  3 catoblepae
  10 two-headed ogres
  2 dancing weapons (D:13)
  4 death yaks (Lair:6)
  3 tengu warriors
  An ogre mage (D:15)
  A deep troll shaman (Lair:6)
  5 orc high priests (Orc:2)
  Urug (D:12)
  2 unseen horrors
  7 orc knights
  A wolf spider (D:15)
  5 oklob plants
  2 deep elf magi
  An ugly thing (D:13)
  4 manticores
  3 cyclopes
  9 elephants
  6 black mambas
  A black mamba (shapeshifter) (D:15)
  8 spiny frogs
  7 centaur skeletons
  4 gargoyles
  Psyche (D:10)
  An efreet (D:14)
  4 komodo dragons
  A freezing wraith (D:15)
  A tengu conjurer (D:14)
  3 rime drakes
  A polar bear (Lair:6)
  3 meliai (D:15)
  A meliai (shapeshifter) (D:13)
  38 blink frogs
  5 trolls
  Grinder (D:4)
  Prince Ribbit (Lair:2)
  11 hippogriffs
  A meliai zombie (D:15)
  7 slime creatures
  A snapping turtle (Lair:3)
  A shadow (D:11)
  34 yaks
  2 wyverns
  A wraith (D:12)
  3 basilisks
  A vampire (D:11)
  A hungry ghost (D:13)
  The ghost of EvilAshe the Vexing, an amateur GnAM of Fedhas (D:4)
  7 vampire mosquitoes
  A warg (D:15)
  5 porcupines
  3 acid dragons
  40 orc warriors
  Duvessa (D:7)
  20 water moccasins
  5 sky beasts
  4 black bears
  6 ice beasts
  3 necrophages
  7 boggarts
  13 ogres
  16 centaurs
  4 phantoms
  25 wolves
  A big kobold (D:7)
  13 crocodiles
  Blork the orc (D:5)
  21 bullfrogs
  An elf skeleton (D:6)
  A wyvern zombie (D:13)
  Dowan (D:7)
  2 scorpions
  7 killer bees
  A wyvern skeleton (D:15)
  9 wights
  2 electric eels (Lair:4)
  3 howler monkeys
  10 crimson imps
  3 bullfrog zombies
  A quasit (D:11)
  3 centaur zombies
  6 hounds
  34 orc priests
  7 jellies
  2 bullfrog skeletons
  18 orc wizards
  7 human skeletons (D:6)
  Ijyb (D:4)
  2 iguanas
  9 worker ants
  A hound zombie (D:9)
  2 hound skeletons
  2 worker ant zombies
  8 mummies (Ossuary)
  Robin (D:4)
  6 gnolls
  15 adders
  3 river rats (D:4)
  4 shadow imps
  6 oozes
  An adder skeleton (D:4)
  An adder zombie (D:9)
  5 worms
  7 dart slugs
  5 leopard geckos
  118 orcs
  8 bats
  5 giant cockroaches
  14 goblins
  11 hobgoblins
  19 jackals
  5 quokkas
  A ball python (D:4)
  A ball python zombie (D:5)
  5 frilled lizards
  A gnoll zombie (Ossuary)
  4 hobgoblin zombies (Ossuary)
  9 kobolds
  A kobold zombie (Ossuary)
  2 leopard gecko skeletons (D:5)
  A leopard gecko zombie (D:7)
  3 orc skeletons (D:6)
  2 orc zombies (Ossuary)
  12 rats
  A fungus (Lair:6)
  4 plants
850 creatures vanquished.

Vanquished Creatures (others)
  A hungry ghost (D:14)
  A human (D:6)
  9 fungi
  15 plants
26 creatures vanquished.

Grand Total: 876 creatures vanquished

Notes
Turn   | Place    | Note
-------+----------+-------------------------------------------
     0 | D:1      | Mgcat the Gargoyle Earth Elementalist began the quest for the Orb.
     0 | D:1      | Reached XP level 1. HP: 10/10 MP: 3/3
   294 | D:1      | Reached skill level 4 in Earth Magic
   294 | D:1      | Reached XP level 2. HP: 2/15 MP: 3/5
  1068 | D:1      | Reached XP level 3. HP: 12/19 MP: 4/6
  2091 | D:2      | Upgraded the game from 0.21.0-25-ge575cb9 to 0.21.0-34-g9234887
  2714 | D:2      | Reached XP level 4. HP: 12/24 MP: 3/8
  3010 | D:2      | Found a shadowy altar of Dithmenos.
  3034 | D:2      | Learned a level 3 spell: Stone Arrow
  3578 | D:3      | Found a deep blue altar of Sif Muna.
  3629 | D:3      | Reached skill level 1 in Conjurations
  3629 | D:3      | Reached skill level 5 in Earth Magic
  3734 | D:3      | Reached XP level 5. HP: 17/28 MP: 6/10
  3874 | D:3      | Reached XP level 6. HP: 4/32 MP: 1/11
  4173 | D:3      | Found a shadowy altar of Dithmenos.
  4402 | D:3      | Found a hazy altar of Hepliaklqana.
  4403 | D:3      | Found a shimmering altar of Xom.
  4404 | D:3      | Noticed a spectral ugly thing
  4736 | D:4      | Reached skill level 6 in Earth Magic
  4739 | D:4      | Noticed Sigmund
  4851 | D:4      | Noticed EvilAshe's ghost (amateur GnAM)
  4945 | D:4      | Noticed Grinder
  4964 | D:4      | Paralysed by Grinder for 5 turns
  4982 | D:4      | Killed Grinder
  4982 | D:4      | Reached XP level 7. HP: 10/36 MP: 3/14
  5143 | D:4      | Found a glowing drain.
  5331 | D:4      | Learned a level 5 spell: Lee's Rapid Deconstruction
  5348 | D:4      | Killed EvilAshe's ghost
  5348 | D:4      | Reached skill level 5 in Spellcasting
  5348 | D:4      | Reached skill level 7 in Earth Magic
  5517 | D:4      | Noticed Robin
  5788 | D:4      | Reached XP level 8. HP: 41/41 MP: 7/15
  5959 | D:4      | Noticed Ijyb
  5961 | D:4      | Paralysed by Ijyb for 6 turns
  5968 | D:4      | Paralysed by Ijyb for 6 turns
  5976 | D:4      | Killed Ijyb
  6086 | D:4      | Killed Robin
  6162 | D:4      | Found Fangih's Distillery.
  6168 | D:4      | Bought a potion of degeneration for 11 gold pieces
  6318 | D:4      | Found a staircase to the Ecumenical Temple.
  6324 | Temple   | Entered the Ecumenical Temple
  6550 | Temple   | Became a worshipper of Vehumet
  6693 | D:4      | Found a glowing golden altar of the Shining One.
  6790 | D:5      | Entered Level 5 of the Dungeon
  6790 | D:5      | Found a blossoming altar of Fedhas.
  6938 | D:5      | Reached skill level 1 in Fighting
  6938 | D:5      | Reached skill level 1 in Maces & Flails
  7069 | D:5      | Reached skill level 5 in Conjurations
  7510 | D:5      | Noticed Blork the orc
  7533 | D:5      | Killed Blork the orc
  7901 | D:5      | Reached skill level 8 in Earth Magic
  8008 | D:5      | Reached XP level 9. HP: 46/49 MP: 7/17
  8177 | D:5      | Reached * piety under Vehumet
  8177 | D:5      | Offered knowledge of Magic Dart by Vehumet.
  8301 | D:5      | Found a sparkling altar of Nemelex Xobeh.
  8725 | D:6      | Found an ancient bone altar of Kikubaaqudgha.
  9077 | D:6      | Found Vesaozunt's Magic Scroll Shoppe.
  9089 | D:6      | Bought a scroll of magic mapping for 49 gold pieces
  9237 | D:6      | Found an ancient bone altar of Kikubaaqudgha.
  9292 | D:6      | Found a sand-covered staircase.
  9307 | Ossuary  | Entered an ossuary
  9413 | Ossuary  | Offered knowledge of Shock by Vehumet.
  9415 | Ossuary  | Reached ** piety under Vehumet
 10267 | D:6      | Reached skill level 9 in Earth Magic
 10267 | D:6      | Reached XP level 10. HP: 58/58 MP: 19/19
 10677 | D:7      | Noticed Dowan
 10680 | D:7      | Noticed Duvessa
 10837 | D:7      | Killed Dowan
 11041 | D:7      | Killed Duvessa
 11157 | D:7      | Offered knowledge of Searing Ray by Vehumet.
 11392 | D:7      | Reached skill level 5 in Fighting
 12003 | D:8      | Noticed a two-headed ogre
 12020 | D:8      | Killed a two-headed ogre
 12225 | D:8      | Reached skill level 5 in Maces & Flails
 12306 | D:8      | Reached *** piety under Vehumet
 13049 | D:8      | Offered knowledge of Sticky Flame by Vehumet.
 13055 | D:8      | Learned a level 4 spell: Sticky Flame
 13625 | D:9      | Noticed a two-headed ogre
 13631 | D:9      | Killed a two-headed ogre
 13631 | D:9      | Reached skill level 5 in Dodging
 13631 | D:9      | Reached skill level 1 in Fire Magic
 13631 | D:9      | Reached skill level 10 in Earth Magic
 13631 | D:9      | Reached XP level 11. HP: 48/64 MP: 8/22
 14206 | D:9      | Reached **** piety under Vehumet
 14212 | D:9      | Offered knowledge of Mephitic Cloud by Vehumet.
 14726 | D:10     | Entered Level 10 of the Dungeon
 14801 | D:10     | Noticed a two-headed ogre
 14816 | D:10     | Killed a two-headed ogre
 14914 | D:10     | Found a portal to a secret trove of treasure.
 14944 | D:10     | Noticed a manticore
 14949 | D:10     | Killed a manticore
 15088 | D:10     | Noticed a two-headed ogre
 15096 | D:10     | Killed a two-headed ogre
 15097 | D:10     | Noticed Psyche
 15819 | D:10     | Killed Psyche
 16327 | D:10     | Reached ***** piety under Vehumet
 16327 | D:10     | Offered knowledge of Bolt of Magma by Vehumet.
 16468 | D:10     | Learned a level 5 spell: Bolt of Magma
 16876 | D:11     | Found a staircase to the Lair.
 16885 | D:11     | Noticed an oklob plant
 16894 | D:11     | Killed an oklob plant
 16894 | D:11     | Reached skill level 11 in Earth Magic
 16894 | D:11     | Reached XP level 12. HP: 72/72 MP: 3/24
 17032 | Lair:1   | Entered Level 1 of the Lair of Beasts
 18191 | Lair:2   | Noticed Prince Ribbit
 18653 | Lair:2   | Killed Prince Ribbit
 18653 | Lair:2   | Reached skill level 5 in Fire Magic
 19014 | Lair:2   | Noticed a seven-headed hydra
 19030 | Lair:2   | Killed a seven-headed hydra
 19183 | Lair:2   | Found a staircase to the Snake Pit.
 19448 | Lair:2   | Reached skill level 10 in Conjurations
 20264 | Lair:3   | Found the +9 staff of Olgreb {rPois}
 20318 | Lair:3   | Reached XP level 13. HP: 20/80 MP: 14/26
 20980 | Lair:3   | Reached skill level 12 in Earth Magic
 21308 | Lair:3   | Got a brightly glowing ring mail
 21492 | Lair:3   | Found a staircase to the Shoals.
 21603 | Lair:3   | Identified the +5 ring mail "Vunou" {+Fly MR+ SInv} (You found it on level 3 of the Lair of Beasts)
 22035 | D:11     | Offered knowledge of Bolt of Draining by Vehumet.
 22046 | D:11     | Reached skill level 1 in Armour
 22051 | D:11     | Reached skill level 1 in Staves
 24468 | Lair:4   | Got a bloodstained ring mail
 24479 | Lair:4   | Identified the +1 ring mail "Voevi" {Int+4} (You found it on level 4 of the Lair of Beasts)
 25148 | Lair:4   | Identified the Handbook of Destructive Transmutation
 25160 | Lair:4   | Learned a level 6 spell: Bolt of Fire
 25255 | Lair:4   | Gained mutation: Your large and strong wings let you fly indefinitely. [Gargoyle growth]
 25255 | Lair:4   | Reached XP level 14. HP: 87/87 MP: 27/27
 25377 | Lair:4   | Learned a level 6 spell: Iron Shot
 26281 | Lair:5   | Offered knowledge of Poison Arrow by Vehumet.
 26617 | Lair:5   | Reached skill level 10 in Spellcasting
 26921 | Lair:6   | Entered Level 6 of the Lair of Beasts
 26950 | Lair:6   | Reached skill level 10 in Fighting
 28318 | Lair:6   | Found a viscous altar of Jiyva.
 28318 | Lair:6   | Found a staircase to the Slime Pits.
 28831 | Lair:6   | Reached skill level 13 in Earth Magic
 29245 | Lair:6   | Reached skill level 5 in Armour
 29340 | Lair:6   | Noticed a dire elephant
 29369 | Lair:6   | Killed a dire elephant
 29502 | Lair:6   | Got a clouded ivory ring
 29515 | Lair:6   | Identified the ring of Zaischap {rC+ SInv} (You found it on level 6 of the Lair of Beasts)
 30156 | D:12     | Noticed Urug
 30167 | D:12     | Killed Urug
 30997 | D:12     | Found a staircase to the Orcish Mines.
 31594 | Orc:1    | Entered Level 1 of the Orcish Mines
 31594 | Orc:1    | Found Xofal's Weapon Emporium.
 31827 | Orc:1    | Found Beawnas's Weapon Shoppe.
 31835 | Orc:1    | Bought a +4 demon whip of draining for 784 gold pieces
 31956 | D:10     | You paid a toll of a +6 demon whip to enter a treasure trove
 31957 | Trove    | Entered a treasure trove
 32059 | Trove    | Got a flickering tin ring
 32063 | Trove    | Got a heavily runed tin amulet
 32068 | Trove    | Identified the amulet "Ysaow Mua" {RegenMP *Slow rElec Str+3} (You found it in a treasure trove)
 32070 | Trove    | Identified the ring of Seddebla {+Inv rPois rF+++ AC+4 Dex-5} (You found it in a treasure trove)
 32079 | Trove    | Reached skill level 14 in Earth Magic
 32079 | Trove    | Reached XP level 15. HP: 93/93 MP: 29/29
 32308 | Orc:2    | Entered Level 2 of the Orcish Mines
 32431 | Orc:2    | Offered knowledge of Fireball by Vehumet.
 32667 | Orc:2    | Found a staircase to the Elven Halls.
 32897 | Orc:2    | Noticed Erolcha
 32908 | Orc:2    | Killed Erolcha
 33108 | Orc:2    | Found an iron altar of Okawaru.
 33407 | Orc:2    | Reached skill level 1 in Evocations
 33407 | Orc:2    | Reached XP level 16. HP: 99/99 MP: 6/30
 34272 | Orc:2    | Offered knowledge of Bolt of Cold by Vehumet.
 34388 | Orc:2    | Found Liorch's Gadget Shop.
 34389 | Orc:2    | Found Yquzxaoz's Antique Weapon Boutique.
 34389 | Orc:2    | Found Houremm's Book Shop.
 34390 | Orc:2    | Found Poruraid's Armour Shop.
 34478 | Orc:1    | Noticed Fannar
 34556 | Orc:2    | Bought the +0 robe "Nacakkoc" {rF+++ MR+ MP+9 Int-3} for 913 gold pieces
 34748 | D:13     | Reached skill level 15 in Earth Magic
 35400 | D:13     | Found a gate to the Vaults.
 35579 | D:13     | Reached skill level 5 in Staves
 36037 | D:13     | Found Ufewothesoa's Food Boutique.
 36059 | D:13     | Found the +6 arbalest "Damnation" {damnation}
 37930 | D:15     | Entered Level 15 of the Dungeon
 38116 | D:15     | Offered knowledge of Ozocubu's Refrigeration by Vehumet.
 39783 | D:15     | Slain by a dire elephant

Skill      XL: |  1  2  3  4  5  6  7  8  9 10 11 12 13 14 15 16 |
---------------+-------------------------------------------------+-----
Earth Magic    | 4 5 6 7 8 9 10 11 12 14 15 | 15.5
Spellcasting   | 3 4 5 6 7 8 9 10 11 | 11.2
Conjurations   | 1 2 3 4 5 6 7 9 10 11 12 | 12.6
Fighting       | 2 4 6 7 8 9 10 | 10.6
Maces & Flails | 2 4 5 |  5.1
Dodging        | 2 3 5 6 7 8 |  8.4
Fire Magic     | 1 4 5 7 8 9 |  9.5
Armour         | 3 5 |  5.5
Staves         | 2 3 4 6 |  6.3
Evocations     | 1 4 |  4.2
Stealth        | |  2.1
Transmutations | |  0.7

Action                   |  1- 3 |  4- 6 |  7- 9 | 10-12 | 13-15 | 16-18 || total
-------------------------+-------+-------+-------+-------+-------+-------++-------
Melee: Club              |   125 |    19 |       |       |       |       ||   144
       Unarmed           |     6 |       |       |       |       |       ||     6
       Flail             |       |   111 |   288 |    26 |       |       ||   425
       Hand axe          |       |       |       |   387 |       |       ||   387
       Dagger            |       |       |       |    21 |       |       ||    21
       Quarterstaff      |       |       |       |    76 |       |       ||    76
       Staff             |       |       |       |       |   631 |   341 ||   972
 Cast: Sandblast         |    26 |    48 |    85 |    74 |    33 |    14 ||   280
       Stone Arrow       |       |       |    74 |   228 |   206 |    53 ||   561
       Lee's Rapid Decon |       |       |       |     9 |     8 |    10 ||    27
       Sticky Flame      |       |       |       |    17 |    27 |    16 ||    60
       Bolt of Magma     |       |       |       |     6 |    51 |       ||    57
       Bolt of Fire      |       |       |       |       |    28 |    45 ||    73
       Iron Shot         |       |       |       |       |    10 |    76 ||    86
 Abil: Fly               |       |       |       |       |     1 |       ||     1
  Use: Scroll            |       |     6 |    12 |    14 |     8 |     2 ||    42
       Potion            |       |       |     2 |     2 |     6 |     1 ||    11
 Stab: Sleeping          |     3 |     1 |     4 |       |       |     1 ||     9
       Distracted        |       |       |     3 |     1 |     1 |       ||     5
  Eat: Chunk             |     4 |     6 |    17 |    33 |    48 |    43 ||   151
       Ration            |       |     1 |     1 |     2 |     6 |     8 ||    18
Armor: Robe              |    53 |    53 |   140 |   304 |    15 |   211 ||   776
       Ring mail         |       |       |       |       |   377 |    26 ||   403
Dodge: Dodged            |   113 |   124 |   233 |   436 |   484 |   262 ||  1652
Block: Other             |       |     4 |    34 |    85 |    91 |    47 ||   261
       Reflection        |       |       |       |     4 |     2 |     1 ||     7
